 Dungeon Crawl Stone Soup version 0.29.0-4-gdea44cf6ec (webtiles) character file.

Game seed: 13107871182978981300

11560 qw the Severer (level 11, -14/142 (150) HPs)
             Began as a Minotaur Berserker on Sept 10, 2022.
             Was a High Priest of Trog.
             Killed from afar by a necromancer (17 damage)
             ... with a bolt of negative energy
             ... on level 10 of the Dungeon.
             The game lasted 00:03:42 (10877 turns).

qw the Severer (Minotaur Berserker)                Turns: 10877, Time: 00:03:43

HP:   -14/142 (150) AC: 15    Str: 26    XL:     11   Next: 50%
MP:   10/10         EV:  9    Int:  4    God:    Trog [*****.]
Gold: 325           SH:  5    Dex: 10    Spells: 10/10 levels left

rFire   . . .      SeeInvis .   d - +3 war axe (vamp)
rCold   . . .      Faith    .   o - +0 buckler
rNeg    . . .      Spirit   .   j - +0 chain mail
rPois   .          Reflect  .   (helmet restricted)
rElec   .          Harm     .   n - +1 cloak
rCorr   .          Rampage  .   (no gloves)
Will    .....                   k - +1 pair of boots
Stlth   ..........              (no amulet)
HPRegen 0.33/turn               (no ring)
MPRegen 0.12/turn               (no ring)

@: berserking (expiring), slowed, drained
A: horns 2, retaliatory headbutt
a: Renounce Religion, Berserk, Trog's Hand, Brothers in Arms


You were on level 10 of the Dungeon.
You worshipped Trog.
Trog was extremely pleased with you.
You visited 1 branch of the dungeon, and saw 10 of its levels.

You collected 617 gold pieces.
You spent 292 gold pieces at shops.


Innate Abilities, Weirdness & Mutations

You have a pair of horns on your head.
You reflexively headbutt those who attack you in melee.


   Skills:
 - Level 10.2 Fighting
 - Level 16.1 Axes
 - Level 4.3 Throwing
 - Level 8.1 Armour
 + Level 3.2 Dodging
 - Level 6.4 Shields


You had 10 spell levels left.
You didn't know any spells.
Your spell library was empty.

Inventory:

Hand Weapons
 d - a +3 vampiric war axe (weapon)
 g - a +0 morningstar
Missiles
 i - 5 boomerangs
 q - a javelin
 u - 4 silver boomerangs (quivered)
Armour
 j - a +0 chain mail (worn)
 k - a +1 pair of boots (worn)
 l - a +0 plate armour
 n - a +1 cloak (worn)
 o - a +0 buckler (worn)
Jewellery
 m - a ring of fire
Scrolls
 f - 4 scrolls of identify
 h - 5 scrolls of teleportation
Potions
 a - 2 potions of haste
 b - a potion of might
 c - 7 potions of heal wounds
 e - 8 potions of curing

Dungeon Overview and Level Annotations

Branches:
Dungeon (10/15)            Temple (0/1) D:4            Lair (0/5) D:10
    Orc: D:9-12

Altars:
Dithmenos
Ru
Trog

Shops:
D:7 ((*


Message History

The centaur warrior skeleton hits you but does no damage.
The centaur warrior skeleton kicks you.
The shadow strikes at you from the darkness!
Reactivating autopickup.
You completely miss the centaur warrior skeleton.
The centaur warrior skeleton is heavily damaged.
You slash the shadow! You hit the wraith.
The necromancer mumbles some strange words.
The necromancer binds the souls of nearby monsters.
The wraith hits you but does no damage. The wight hits you but does no damage.
The centaur warrior skeleton closely misses you. x2
You closely miss the shadow. You headbutt the shadow.
The shadow is severely damaged.
You slice the centaur warrior skeleton!!
You barely miss the wraith. The shadow hits you.
The necromancer gestures wildly while chanting.
The necromancer binds the souls of nearby monsters.
The wight closely misses you. You block the wraith's attack.
The centaur warrior skeleton hits you but does no damage.
The centaur warrior skeleton kicks you but does no damage.
You slice the centaur warrior skeleton!!
You destroy the centaur warrior skeleton!
Trog accepts your kill.
You slash the wraith! You slash the shadow!
You feel the power of Trog in you as your rage grows.
You destroy the shadow!
Trog accepts your kill.
The unseen horror skeleton hits you but does no damage.
The wight hits you from afar with a +3 halberd of freezing!
You feel drained. The wight freezes you. The necromancer casts a spell at you.
The bolt of negative energy hits the centaur warrior skeleton.
The centaur warrior skeleton completely resists.
The bolt of negative energy hits the wight.
The wight completely resists.
The bolt of negative energy hits the wraith.
The wraith completely resists.
The bolt of negative energy hits you!
You feel drained.
You die...

##.## #.#.#
#.#####.####.#.#
#.......>......#
#..#....####.#.###
#.#### #.#...# #.
#.##..# # #.##..#
..##/.# ####.@#
#.ZWzZp...
#.Zz......
######.#[# #
###### #.....
#.....


You could see a necromancer, a wraith, a flying skull, a wight, 2 centaur
warrior skeletons and an unseen horror skeleton.

Vanquished Creatures
  Erolcha (D:10)
  3 centaur skeletons (D:10)
  2 unseen horror zombies (D:10)
  A kobold demonologist (D:10)
  An unseen horror skeleton (D:10)
  A queen bee (D:9)
  3 flying skulls (D:10)
  3 shadows
  3 wraiths
  14 yaks
  A wyvern (D:4)
  A vampire (D:9)
  Edmund (D:5)
  Menkaure (D:7)
  3 swamp worms (D:8)
  A water moccasin (D:5)
  Duvessa (D:5)
  2 sky beasts (D:7)
  2 orc warriors
  2 ice beasts
  A black bear (D:4)
  2 ogres
  A centaur (D:9)
  4 kobold brigands
  2 bullfrogs
  2 necrophages
  A gnoll sergeant (D:8)
  A scorpion (D:5)
  18 wights
  Dowan (D:5)
  7 killer bees (D:9)
  3 howler monkeys
  5 centaur zombies (D:10)
  A jelly (D:6)
  7 orc priests
  A gnoll bouda (D:8)
  7 hounds
  Jessica (D:2)
  3 iguanas
  10 orc wizards
  A mummy (D:8)
  A howler monkey zombie (D:10)
  14 gnolls
  5 adders
  A white imp (D:5)
  A worm (D:1)
  3 dart slugs
  46 orcs
  7 bats
  6 endoplasms
  2 giant cockroaches
  13 goblins
  5 hobgoblins
  29 kobolds
  2 quokkas
  5 ball pythons
  7 frilled lizards
  A rat (D:1)
274 creatures vanquished.

Vanquished Creatures (collateral kills)
  A kobold (D:10)
1 creature vanquished.

Vanquished Creatures (others)
  4 plants
4 creatures vanquished.

Grand Total: 279 creatures vanquished

Notes
Turn   | Place    | Note
-------+----------+-------------------------------------------
     0 | D:1      | qw the Minotaur Berserker began the quest for the Orb.
     0 | D:1      | Reached XP level 1. HP: 19/19 MP: 0/0
     0 | D:1      | 0 ||| qw: Version: 0.1-a-116-g5d60599
     0 | D:1      | 0 ||| qw: Game counter: 7577
     0 | D:1      | 0 ||| qw: Always use a shield: true
     0 | D:1      | 0 ||| qw: Do Orc after D:15 true
     0 | D:1      | 0 ||| qw: Do second Lair branch before Depths: true
     0 | D:1      | 0 ||| qw: Lair rune preference: random
     0 | D:1      | 0 ||| qw: Plans: Normal
     0 | D:1      | 0 ||| PLANNING D:1-11
   132 | D:1      | Reached skill level 4 in Axes
   182 | D:1      | Found a faded altar of an unknown god.
   191 | D:1      | Reached XP level 2. HP: 21/26 MP: 1/1
   903 | D:1      | 903 ||| UPGRADING to +0 leather armour.
   913 | D:1      | 913 ||| DROPPING +0 animal skin.
   914 | D:1      | 914 ||| UPGRADING to +0 chain mail.
   924 | D:1      | 924 ||| DROPPING +0 leather armour.
   925 | D:1      | 925 ||| UPGRADING to +0 pair of boots.
   930 | D:1      | 930 ||| READING scroll labelled BIYME PAOMO.
   931 | D:1      | 931 ||| READING 3 scrolls labelled NUQESU SAINGAM.
   932 | D:1      | 932 ||| READING scroll labelled DUGGOTITIGH.
   933 | D:1      | 933 ||| READING scroll labelled ZATUUR EMEFORU.
   936 | D:1      | 936 ||| DRINKING 2 fuming white potions.
   957 | D:2      | 957 ||| STAIRDANCE
   959 | D:1      | 959 ||| INVOKING Berserk.
   961 | D:1      | Reached skill level 5 in Axes
  1070 | D:2      | 1070 ||| STAIRDANCE
  1108 | D:2      | Reached ** piety under Trog
  1108 | D:2      | Noticed Jessica
  1109 | D:2      | Reached XP level 3. HP: 31/31 MP: 2/2
  1109 | D:2      | 1109 ||| Stepping ~*~*~tactically~*~*~ (stealth).
  1111 | D:2      | 1111 ||| Stepping ~*~*~tactically~*~*~ (hiding).
  1118 | D:2      | Killed Jessica
  1248 | D:2      | 1248 ||| Stepping ~*~*~tactically~*~*~ (stealth).
  1249 | D:2      | 1249 ||| Stepping ~*~*~tactically~*~*~ (stealth).
  1250 | D:2      | 1250 ||| Stepping ~*~*~tactically~*~*~ (stealth).
  1264 | D:2      | 1264 ||| Stepping ~*~*~tactically~*~*~ (stealth).
  1295 | D:2      | 1295 ||| Stepping ~*~*~tactically~*~*~ (stealth).
  1339 | D:2      | Reached XP level 4. HP: 39/39 MP: 3/3
  1390 | D:2      | Reached skill level 6 in Axes
  1395 | D:2      | 1395 ||| DROPPING +0 club.
  1476 | D:2      | 1476 ||| INVOKING Berserk.
  1599 | D:2      | 1599 ||| Stepping ~*~*~tactically~*~*~ (hiding).
  1600 | D:2      | 1600 ||| INVOKING Berserk.
  1831 | D:2      | 1831 ||| READING scroll labelled UQINIKHLURO.
  1832 | D:2      | 1832 ||| READING scroll labelled OZIKUNEAPT.
  1833 | D:2      | 1833 ||| DRINKING 2 cyan potions.
  1834 | D:2      | 1834 ||| DRINKING 2 smoky yellow potions.
  1835 | D:2      | 1835 ||| READING 2 scrolls of identify.
  1835 | D:2      | 1835 ||| IDENTIFYING fizzy brown potion
  1836 | D:2      | 1836 ||| DROPPING potion of brilliance.
  1920 | D:3      | 1920 ||| Stepping ~*~*~tactically~*~*~ (stealth).
  1921 | D:3      | 1921 ||| Stepping ~*~*~tactically~*~*~ (stealth).
  1922 | D:3      | 1922 ||| Stepping ~*~*~tactically~*~*~ (stealth).
  1948 | D:3      | 1948 ||| INVOKING Berserk.
  1952 | D:3      | Reached skill level 7 in Axes
  1952 | D:3      | Reached XP level 5. HP: 45/45 MP: 4/4
  2077 | D:3      | 2077 ||| DROPPING +0 whip.
  2140 | D:3      | Identified the +7 falchion of Lust {vorpal, rCorr}
  2261 | D:3      | 2261 ||| Stepping ~*~*~tactically~*~*~ (stealth).
  2262 | D:3      | 2262 ||| Stepping ~*~*~tactically~*~*~ (stealth).
  2279 | D:3      | 2279 ||| Stepping ~*~*~tactically~*~*~ (hiding).
  2310 | D:3      | Found a sacrificial altar of Ru.
  2316 | D:3      | Found a bloodstained altar of Trog.
  2321 | D:3      | Found a shadowy altar of Dithmenos.
  2471 | D:3      | 2471 ||| Stepping ~*~*~tactically~*~*~ (stealth).
  2478 | D:3      | 2478 ||| DROPPING +2 flail of protection.
  2938 | D:3      | 2938 ||| READING scroll labelled MEX IDEWAUZ.
  2939 | D:3      | 2939 ||| READING 2 scrolls of identify.
  2939 | D:3      | 2939 ||| IDENTIFYING emerald potion
  3116 | D:4      | Noticed a black bear
  3120 | D:4      | 3120 ||| INVOKING Berserk.
  3122 | D:4      | Killed a black bear
  3123 | D:4      | Reached skill level 8 in Axes
  3123 | D:4      | Reached XP level 6. HP: 52/52 MP: 5/5
  3353 | D:4      | Found a staircase to the Ecumenical Temple.
  3434 | D:4      | 3434 ||| READING scroll of enchant armour.
  3434 | D:4      | 3434 ||| ENCHANTING +0 pair of boots.
  3477 | D:4      | 3477 ||| Stepping ~*~*~tactically~*~*~ (stealth).
  3480 | D:4      | Reached skill level 1 in Throwing
  3481 | D:4      | Noticed a wyvern
  3482 | D:4      | 3482 ||| Stepping ~*~*~tactically~*~*~ (stealth).
  3484 | D:4      | 3484 ||| INVOKING Berserk.
  3489 | D:4      | Killed a wyvern
  3490 | D:4      | Reached skill level 9 in Axes
  3490 | D:4      | Reached XP level 7. HP: 59/59 MP: 6/6
  3595 | D:4      | 3595 ||| Stepping ~*~*~tactically~*~*~ (stealth).
  3856 | D:4      | 3856 ||| Stepping ~*~*~tactically~*~*~ (stealth).
  3878 | D:4      | 3878 ||| Stepping ~*~*~tactically~*~*~ (stealth).
  3879 | D:4      | 3879 ||| Stepping ~*~*~tactically~*~*~ (stealth).
  3880 | D:4      | 3880 ||| Stepping ~*~*~tactically~*~*~ (stealth).
  4088 | D:4      | 4088 ||| READING scroll labelled PISSIROEWI.
  4189 | D:4      | 4189 ||| READING 4 scrolls of identify.
  4189 | D:4      | 4189 ||| IDENTIFYING bubbling emerald potion
  4190 | D:4      | 4190 ||| READING 3 scrolls of identify.
  4190 | D:4      | 4190 ||| IDENTIFYING lumpy brown potion
  4191 | D:4      | 4191 ||| DROPPING potion of degeneration.
  4192 | D:4      | 4192 ||| DROPPING potion of ambrosia.
  4239 | D:5      | Entered Level 5 of the Dungeon
  4279 | D:5      | 4279 ||| Stepping ~*~*~tactically~*~*~ (hiding).
  4317 | D:5      | Noticed Edmund
  4322 | D:5      | 4322 ||| INVOKING Berserk.
  4332 | D:5      | Killed Edmund
  4455 | D:5      | Reached *** piety under Trog
  4581 | D:5      | 4581 ||| FLEEEEING.
  4582 | D:5      | 4582 ||| FLEEEEING.
  4589 | D:5      | 4589 ||| Stepping ~*~*~tactically~*~*~ (hiding).
  4593 | D:5      | 4593 ||| Stepping ~*~*~tactically~*~*~ (hiding).
  4594 | D:5      | 4594 ||| Stepping ~*~*~tactically~*~*~ (hiding).
  4595 | D:5      | 4595 ||| Stepping ~*~*~tactically~*~*~ (hiding).
  4600 | D:5      | 4600 ||| DRINKING 7 potions of curing.
  4600 | D:5      | 4600 ||| (to cure confusion)
  4659 | D:5      | 4659 ||| SWAPPING to +0 war axe.
  4660 | D:5      | 4660 ||| DROPPING +0 hand axe.
  4719 | D:5      | Noticed Dowan
  4720 | D:5      | 4720 ||| Stepping ~*~*~tactically~*~*~ (hiding).
  4722 | D:5      | 4722 ||| Stepping ~*~*~tactically~*~*~ (hiding).
  4726 | D:5      | 4726 ||| INVOKING Berserk.
  4727 | D:5      | Killed Dowan
  4747 | D:5      | Noticed Duvessa
  4748 | D:5      | 4748 ||| Stepping ~*~*~tactically~*~*~ (stealth).
  4773 | D:5      | 4773 ||| INVOKING Berserk.
  4781 | D:5      | Killed Duvessa
  4782 | D:5      | Reached skill level 10 in Axes
  5350 | D:5      | Reached XP level 8. HP: 64/65 MP: 7/7
  5477 | D:5      | Reached skill level 6 in Fighting
  5661 | D:5      | 5661 ||| UPGRADING to +1 cloak.
  5666 | D:5      | 5666 ||| UPGRADING to +0 buckler.
  5671 | D:5      | 5671 ||| READING scroll labelled UTULUY TEATIS.
  5705 | D:6      | 5705 ||| INVOKING Berserk.
  5708 | D:6      | Reached skill level 1 in Shields
  5917 | D:6      | 5917 ||| INVOKING Berserk.
  5920 | D:6      | Reached skill level 3 in Shields
  6144 | D:6      | 6144 ||| Stepping ~*~*~tactically~*~*~ (hiding).
  6145 | D:6      | 6145 ||| Stepping ~*~*~tactically~*~*~ (stealth).
  6146 | D:6      | 6146 ||| Stepping ~*~*~tactically~*~*~ (hiding).
  6148 | D:6      | 6148 ||| Stepping ~*~*~tactically~*~*~ (hiding).
  6149 | D:6      | 6149 ||| Stepping ~*~*~tactically~*~*~ (hiding).
  6152 | D:6      | 6152 ||| INVOKING Berserk.
  6164 | D:6      | Reached skill level 11 in Axes
  6541 | D:6      | 6541 ||| READING scroll labelled VIHESK WEERIKK.
  6542 | D:6      | 6542 ||| READING 5 scrolls of identify.
  6542 | D:6      | 6542 ||| IDENTIFYING murky cyan potion
  6543 | D:6      | 6543 ||| READING 4 scrolls of identify.
  6543 | D:6      | 6543 ||| IDENTIFYING bubbling ruby potion
  6544 | D:6      | 6544 ||| DROPPING potion of flight.
  6545 | D:6      | 6545 ||| DROPPING potion of magic.
  6620 | D:7      | Found Reus's Weapon Emporium.
  6627 | D:7      | 6627 ||| BUYING +2 vampiric war axe (292 gold).
  6627 | D:7      | Bought a +2 vampiric war axe for 292 gold pieces
  6627 | D:7      | 6627 ||| SWAPPING to +2 vampiric war axe.
  6628 | D:7      | 6628 ||| DROPPING +0 war axe.
  6791 | D:7      | Reached XP level 9. HP: 75/75 MP: 8/8
  6797 | D:7      | 6797 ||| Stepping ~*~*~tactically~*~*~ (stealth).
  6800 | D:7      | 6800 ||| Stepping ~*~*~tactically~*~*~ (stealth).
  6805 | D:7      | 6805 ||| Stepping ~*~*~tactically~*~*~ (stealth).
  6807 | D:7      | 6807 ||| INVOKING Berserk.
  6813 | D:7      | Reached skill level 12 in Axes
  6943 | D:7      | Found Himmua Fiecs's General Store.
  6961 | D:7      | 6961 ||| SHOPLISTING +3 scale mail of willpower (312 gold,
                  | have 159).
  6980 | D:7      | 6980 ||| Stepping ~*~*~tactically~*~*~ (stealth).
  6982 | D:7      | 6982 ||| Stepping ~*~*~tactically~*~*~ (stealth).
  6991 | D:7      | 6991 ||| Stepping ~*~*~tactically~*~*~ (stealth).
  6993 | D:7      | 6993 ||| FLEEEEING.
  6994 | D:7      | 6994 ||| FLEEEEING.
  6995 | D:7      | 6995 ||| FLEEEEING.
  6996 | D:7      | 6996 ||| FLEEEEING.
  6997 | D:7      | 6997 ||| FLEEEEING.
  6998 | D:7      | 6998 ||| FLEEEEING.
  6999 | D:7      | 6999 ||| FLEEEEING.
  7000 | D:7      | 7000 ||| STAIRDANCE
  7111 | D:7      | Noticed Menkaure
  7112 | D:7      | 7112 ||| Stepping ~*~*~tactically~*~*~ (hiding).
  7112 | D:7      | Found Hitwuosk's Weapon Boutique.
  7113 | D:7      | 7113 ||| Stepping ~*~*~tactically~*~*~ (hiding).
  7120 | D:7      | 7120 ||| INVOKING Berserk.
  7124 | D:7      | Killed Menkaure
  7587 | D:7      | 7587 ||| DROPPING amulet of magic regeneration.
  7588 | D:7      | 7588 ||| READING scroll labelled QELIOPP RIME.
  7617 | D:8      | 7617 ||| PLANNING OSSUARY
  7631 | D:8      | 7631 ||| FLEEEEING.
  7632 | D:8      | 7632 ||| FLEEEEING.
  7634 | D:8      | 7634 ||| STAIRDANCE
  7673 | D:8      | 7673 ||| STAIRDANCE
  7679 | D:8      | Reached **** piety under Trog
  7784 | D:8      | 7784 ||| Stepping ~*~*~tactically~*~*~ (stealth).
  7786 | D:8      | 7786 ||| Stepping ~*~*~tactically~*~*~ (stealth).
  7790 | D:8      | 7790 ||| Stepping ~*~*~tactically~*~*~ (stealth).
  7793 | D:8      | 7793 ||| Stepping ~*~*~tactically~*~*~ (stealth).
  7794 | D:8      | 7794 ||| Stepping ~*~*~tactically~*~*~ (stealth).
  7806 | D:8      | 7806 ||| INVOKING Berserk.
  7808 | D:8      | Reached skill level 13 in Axes
  8087 | D:8      | Reached skill level 3 in Throwing
  8088 | D:8      | 8088 ||| INVOKING Berserk.
  8175 | D:8      | 8175 ||| Stepping ~*~*~tactically~*~*~ (hiding).
  8176 | D:8      | 8176 ||| Stepping ~*~*~tactically~*~*~ (hiding).
  8180 | D:8      | 8180 ||| Stepping ~*~*~tactically~*~*~ (hiding).
  8188 | D:8      | 8188 ||| INVOKING Berserk.
  8260 | D:8      | 8260 ||| RIP OSSUARY
  8303 | D:8      | 8303 ||| PLANNING D:1-11
  8402 | D:8      | 8402 ||| Stepping ~*~*~tactically~*~*~ (stealth).
  8660 | D:8      | 8660 ||| DROPPING scarf of shadows.
  8661 | D:8      | 8661 ||| READING scroll labelled MIOWKE YTSO.
  8662 | D:8      | 8662 ||| READING scroll labelled GAH RAZISCH.
  8663 | D:8      | 8663 ||| DRINKING 2 dark potions.
  8686 | D:8      | 8686 ||| READING 5 scrolls of identify.
  8686 | D:8      | 8686 ||| IDENTIFYING glowing red potion
  8687 | D:8      | 8687 ||| DROPPING potion of berserk rage.
  8688 | D:8      | 8688 ||| DROPPING potion of lignification.
  8843 | D:9      | Reached XP level 10. HP: 80/88 MP: 9/9
  8861 | D:9      | Reached skill level 14 in Axes
  8866 | D:9      | 8866 ||| Stepping ~*~*~tactically~*~*~ (stealth).
  8877 | D:9      | 8877 ||| INVOKING Berserk.
  8879 | D:9      | Reached skill level 6 in Armour
  8921 | D:9      | Reached skill level 3 in Dodging
  8921 | D:9      | 8921 ||| FLEEEEING.
  8922 | D:9      | 8922 ||| FLEEEEING.
  8925 | D:9      | 8925 ||| FLEEEEING.
  8926 | D:9      | 8926 ||| FLEEEEING.
  8929 | D:9      | 8929 ||| FLEEEEING.
  8930 | D:9      | 8930 ||| FLEEEEING.
  8931 | D:9      | 8931 ||| FLEEEEING.
  8932 | D:9      | 8932 ||| FLEEEEING.
  8933 | D:9      | 8933 ||| FLEEEEING.
  8934 | D:9      | 8934 ||| FLEEEEING.
  8939 | D:9      | 8939 ||| FLEEEEING.
  8943 | D:9      | 8943 ||| FLEEEEING.
  8944 | D:9      | 8944 ||| FLEEEEING.
  8945 | D:9      | 8945 ||| FLEEEEING.
  8946 | D:9      | 8946 ||| STAIRDANCE
  9192 | D:9      | 9192 ||| READING scroll of enchant weapon.
  9192 | D:9      | 9192 ||| ENCHANTING +2 vampiric war axe.
  9205 | D:9      | 9205 ||| Stepping ~*~*~tactically~*~*~ (stealth).
  9389 | D:9      | Reached ***** piety under Trog
  9425 | D:9      | Reached skill level 15 in Axes
  9454 | D:9      | 9454 ||| Stepping ~*~*~tactically~*~*~ (stealth).
  9456 | D:9      | 9456 ||| Stepping ~*~*~tactically~*~*~ (hiding).
  9466 | D:9      | 9466 ||| INVOKING Berserk.
  9823 | D:9      | 9823 ||| INVOKING Berserk.
  9826 | D:9      | Reached skill level 9 in Fighting
 10052 | D:9      | 10052 ||| Stepping ~*~*~tactically~*~*~ (hiding).
 10253 | D:9      | 10253 ||| READING scroll labelled JUREOCW COOHUPP.
 10289 | D:10     | Entered Level 10 of the Dungeon
 10289 | D:10     | Noticed Erolcha
 10290 | D:10     | 10290 ||| Stepping ~*~*~tactically~*~*~ (hiding).
 10292 | D:10     | 10292 ||| INVOKING Trog's Hand.
 10293 | D:10     | 10293 ||| INVOKING Brothers in Arms.
 10294 | D:10     | 10294 ||| INVOKING Berserk.
 10299 | D:10     | Killed Erolcha
 10302 | D:10     | Reached skill level 16 in Axes
 10422 | D:10     | Found a staircase to the Lair.
 10459 | D:10     | 10459 ||| Stepping ~*~*~tactically~*~*~ (stealth).
 10466 | D:10     | 10466 ||| Stepping ~*~*~tactically~*~*~ (stealth).
 10477 | D:10     | Reached XP level 11. HP: 97/97 MP: 10/10
 10586 | D:10     | 10586 ||| Stepping ~*~*~tactically~*~*~ (hiding).
 10588 | D:10     | 10588 ||| Stepping ~*~*~tactically~*~*~ (hiding).
 10593 | D:10     | 10593 ||| Stepping ~*~*~tactically~*~*~ (hiding).
 10598 | D:10     | 10598 ||| INVOKING Berserk.
 10833 | D:10     | Reached skill level 6 in Shields
 10847 | D:10     | 10847 ||| INVOKING Berserk.
 10866 | D:10     | Noticed a necromancer
 10869 | D:10     | HP: 35/147 [wight/+3 halberd of freezing (3)]
 10874 | D:10     | HP: 28/150 [centaur warrior skeleton (3)]
 10877 | D:10     | HP: 11/150 [wight/+3 halberd of freezing (12)]
 10877 | D:10     | HP: 3/147 [wight/+3 halberd of freezing (6)]
 10877 | D:10     | Killed from afar by a necromancer

Levels and vault maps discovered:
D:1:      dpeg_arrival_houses_and_road, layout_basic,
          hellmonk_ecumenical_altar_heavens_door
D:2:      layout_rooms, serial_glass, glass_columns_a, glass_columns_a,
          glass_columns_a, nrook_mini_vaults, uniq_jessica
D:3:      minmay_general_purpose_star, layout_loops_ring,
          minmay_overflow_temple_star_quad, chequers_garden, chequers_jeans,
          kennysheep_cluttered_room
D:4:      nicolae_cairo_tiling_very_big, layout_loops_cross,
          minmay_temple_entry_tees, serial_forest, infiniplex_forest_lined_2,
          infiniplex_forest_zigzag_1, infiniplex_forest_end_3,
          infiniplex_forest_straight_3, infiniplex_forest_clump_curved,
          infiniplex_forest_zigzag_1, minmay_misc_feat_pillars,
          serial_bayou_pond_c, minmay_divided_ellipse
D:5:      minmay_diamond_boxcup, layout_loops_corners, uniq_edmund, uniq_duvessa
D:6:      layout_cave_pools
D:7:      layout_basic, serial_shops, nicolae_diamond_shop,
          nicolae_shop_window_shopping, nicolae_square_shop, serial_park_tiny_1,
          nicolae_elevator_lobby_plus, uniq_menkaure
D:8:      layout_cave_pools, gup_ossuary_entry_pyramid, serial_column_ruins,
          column_ruins_hut, column_ruins_open_medium,
          column_ruins_corridor_straight, column_ruins_open_tiny,
          column_ruins_open_tiny, column_ruins_open_medium, worms_lemuel
D:9:      layout_basic, grunt_ministairs_4, nicolae_looking_at_the_future
D:10:     hangedman_screamer, layout_loops_ring, lair_entry_dummy, uniq_erolcha

Skill      XL: |  1  2  3  4  5  6  7  8  9 10 11 |
---------------+----------------------------------+-----
Axes           | 4 5 7 8 9 10 11 13 16 | 16.1
Fighting       | 4 5 6 8 9 10 | 10.2
Throwing       | 1 2 3 4 |  4.3
Armour         | 4 5 6 8 |  8.1
Shields        | 4 5 6 |  6.4
Dodging        | 3 |  3.2

Action                   |  1- 3 |  4- 6 |  7- 9 | 10-12 || total
-------------------------+-------+-------+-------+-------++-------
Melee: Hand axe          |    69 |    76 |    77 |       ||   222
       Headbutt          |     9 |    12 |    40 |    41 ||   102
       Punch             |       |     2 |     1 |       ||     3
       War axe           |       |       |   209 |   237 ||   446
Throw: Boomerang         |       |    37 |    23 |    30 ||    90
       Javelin           |       |     5 |    21 |    10 ||    36
Invok: Berserk           |     1 |     5 |    11 |     6 ||    23
       Trog's Hand       |       |       |       |     1 ||     1
       Brothers in Arms  |       |       |       |     1 ||     1
  Use: Scroll            |     4 |     6 |    11 |     2 ||    23
       Potion            |     1 |     2 |     2 |       ||     5
Armor: Animal skin       |    10 |       |       |       ||    10
       Chain mail        |    22 |    25 |   112 |   108 ||   267
Dodge: Dodged            |    33 |    19 |    66 |    79 ||   197
Block: Buckler           |       |       |    19 |    54 ||    73

Table legend:
 A = Non-vault XP
 B = Vault XP
 C = Vault XP percentage of total XP
 D = Non-vault monster count
 E = Vault monster count
 F = Vault count percentage of total count
                 A         B        C        D         E       F
            +---------+---------+-------+---------+---------+-------
      Total |    8493 |    8660 |  50.5 |     204 |      71 |  25.8
            +---------+---------+-------+---------+---------+-------
        D:1 |      38 |       0 |   0.0 |      18 |       0 |   0.0
        D:2 |      83 |      37 |  30.8 |      19 |       1 |   5.0
        D:3 |      98 |       3 |   3.0 |      21 |       1 |   4.5
        D:4 |     166 |     343 |  67.4 |      13 |      13 |  50.0
        D:5 |     343 |     808 |  70.2 |      14 |      10 |  41.7
        D:6 |     525 |       0 |   0.0 |      15 |       0 |   0.0
        D:7 |     955 |     172 |  15.3 |      23 |       1 |   4.2
        D:8 |    1245 |     525 |  29.7 |      28 |       4 |  12.5
        D:9 |    3160 |     883 |  21.8 |      35 |      20 |  36.4
       D:10 |    1880 |    5889 |  75.8 |      18 |      21 |  53.8
            +---------+---------+-------+---------+---------+-------
